 Dungeon Crawl Stone Soup version 0.27.1-4-g1640c2035a (webtiles) character file.

Game seed: 6906840642593056540

3745 Turgor the Arsonist (level 10, -9/56 HPs)
             Began as an Octopode Fire Elementalist on Nov 5, 2021.
             Was a High Priest of Jiyva.
             Mangled by a centaur warrior (18 damage)
             ... on level 8 of the Dungeon.
             The game lasted 00:46:49 (6815 turns).

Turgor the Arsonist (Octopode Fire Elementalist)    Turns: 6815, Time: 00:46:50

Health: -9/56      AC:  1    Str: 12    XL:     10   Next: 15%
Magic:  4/21       EV: 13    Int: 25    God:    Jiyva [*****.]
Gold:   124        SH:  5    Dex:  9    Spells: 10/24 levels left

rFire    . . .     SeeInvis .   p - +8 dagger of Action {vorpal, Int+3}
rCold    . . .     Faith    .   (no shield)
rNeg     . . .     Spirit   .   (helmet restricted)
rPois    .         Reflect  +   f - amulet of reflection
rElec    .         Harm     .   (no ring)
rCorr    +         Rampage  .   (no ring)
Will     .....                  (no ring)
Stlth    +++.......             (no ring)
HPRegen  0.18/turn              (no ring)
MPRegen  0.17/turn              (no ring)
                                (no ring)
                                (no ring)

@: no status effects
A: almost no armour, amphibious, 8 rings, camouflage 1, gelatinous body 1,
(nimble swimmer 1), tentacles, agile 1
a: Renounce Religion, Request Jelly, Slimify, Cure Bad Mutation


You were on level 8 of the Dungeon.
You worshipped Jiyva.
Jiyva was extremely pleased with you.
You visited 1 branch of the dungeon, and saw 8 of its levels.

You collected 174 gold pieces.
You spent 50 gold pieces at shops.

Inventory:

Hand Weapons
 o - a +0 hunting sling
 p - the +8 dagger of Action (weapon) {vorpal, Int+3}
   (You found it on level 6 of the Dungeon)

   It inflicts extra damage upon your enemies.
   Int:       It affects your intelligence (+3).
 w - a +0 quarterstaff of speed
Missiles
 b - 45 sling bullets
 c - 62 stones
 t - 11 curare-tipped darts (quivered)
 u - a throwing net
 x - 3 poisoned darts
Jewellery
 f - an amulet of reflection (around mantle)
Wands
 i - a wand of polymorph (9)
 s - a wand of acid (4)
 v - a wand of flame (11)
Scrolls
 a - 3 scrolls of teleportation
 d - a scroll of fog {unknown}
 e - a scroll of enchant weapon {unknown}
 g - a scroll of blinking {unknown}
 j - 2 scrolls of magic mapping
 k - a scroll of fear
 l - 2 scrolls of vulnerability {unknown}
 q - a scroll of silence {unknown}
Potions
 h - a potion of brilliance
 m - a potion of curing
 n - a potion of berserk rage {unknown}
 r - a potion of heal wounds


   Skills:
 - Level 2.0 Dodging
 - Level 2.6 Stealth
 + Level 7.9 Spellcasting
 + Level 8.3 Conjurations
 + Level 8.8 Fire Magic


You had 10 spell levels left.
You knew the following spells:

 Your Spells              Type           Power      Damage    Failure   Level
a - Foxfire               Conj/Fire      100%       2x1d9     1%          1
b - Animate Skeleton      Necr           18%        N/A       6%          1
c - Conjure Flame         Conj/Fire      52%        6-21      1%          3
f - Fireball              Conj/Fire      26%        3d12      4%          5
s - Sticky Flame          Conj/Fire      52%        2d7       1%          4

Your spell library contained the following spells:

 Spells                   Type           Power      Damage    Failure   Level
 Shock                    Conj/Air       100%       1d9       1%          1
 Inner Flame              Hex/Fire       32%        N/A       3%          3
 Apportation              Tloc           18%        N/A       6%          1
 Corona                   Hex            10%        N/A       6%          1
 Summon Small Mammal      Summ           36%        N/A       6%          1
 Swiftness                Air            9%         N/A       19%         3
 Airstrike                Air            4%         N/A       52%         4
 Alistair's Intoxication  Tmut/Pois      6%         N/A       86%         5
 Invisibility             Hex            4%         N/A       100%        6


Dungeon Overview and Level Annotations

Branches:
Dungeon (8/15)             Temple (0/1) D:4
   Lair: D:8-11

Altars:
Ashenzari
Elyvilon
Fedhas
Gozag
Hepliaklqana
Kikubaaqudgha
Makhleb
Qazlal
Ru
Vehumet
Xom
Jiyva

Shops:
D:6 =   D:7 ?:=*?


Innate Abilities, Weirdness & Mutations

You cannot wear most types of armour.
You are amphibious.
You can wear up to eight rings at the same time.
Your skin changes colour to match your surroundings (Stealth+).
Your rubbery body absorbs attacks. (AC +1, EV +1)
((You are camouflaged near water. (Stealth+)))
You have tentacles for arms and can constrict up to eight enemies at once.
You are agile. (Dex +2)


Message History

The sticky flame hits the centaur warrior.
The centaur warrior is moderately wounded.
The centaur warrior is covered in liquid flames!
The centaur warrior burns!
The foxfire hits the centaur warrior but does no damage.
The centaur warrior is moderately wounded.
The foxfire hits the centaur warrior.
The centaur warrior is heavily wounded.
The foxfire hits the centaur warrior but does no damage.
The centaur warrior is heavily wounded.
Casting: Sticky Flame (dangerous; 1% risk of failure)
Confirm with . or Enter, or press ? or * to list all spells.
Aiming: Sticky Flame (dangerous; 1% risk of failure)
Press: ? - help, Shift-Dir - straight line, f/p - centaur warrior
Aim: a centaur warrior, wielding a +0 longbow and quivering arrows (heavily wounded, covered in liquid flames, 100% to hit)
The sticky flame hits the centaur warrior.
The centaur warrior is heavily wounded.
The centaur warrior is covered in liquid flames!
The centaur warrior burns!
The centaur warrior unwields a +0 longbow.
The centaur warrior wields a +0 hand axe.
The centaur warrior hits you with a +0 hand axe!
The centaur warrior kicks you but does no damage.
The centaur warrior closely misses you. The centaur warrior kicks you.
You hit the centaur warrior.
The centaur warrior is severely wounded.
The centaur warrior burns!
The centaur warrior hits you with a +0 hand axe!
The centaur warrior kicks you.
A cyclops comes into view.
The cyclops shouts!
You hit the centaur warrior. You squeeze the centaur warrior.
The centaur warrior is almost dead.
The centaur warrior burns!
The centaur warrior hits you with a +0 hand axe!
* * * LOW HITPOINT WARNING * * *
The centaur warrior kicks you.
* * * LOW HITPOINT WARNING * * *
The centaur warrior hits you with a +0 hand axe!!
You die...

.##.###. #.#.. ..# #..
....# .#... #.. ### ##.
..#.# .... .C#.... #. #..
.. ... .(.)..K #. #.. .
#.##...##### ## ##...
#.#.####...#### # ... .
#..##..)......### ...
...######c....).###...ยง..
... ........@.#..####
#####.. #.. #......)....##
### .... #.###########
.... .... ###. .... ####


You could see a centaur warrior (burning) and a cyclops.

Vanquished Creatures
  A two-headed ogre (D:8)
  Joseph (D:8)
  A gargoyle (D:8)
  A kobold demonologist (D:8)
  A tengu conjurer (D:8)
  Prince Ribbit (D:6)
  A yak (D:8)
  Eustachio (D:6)
  An ice beast (D:8)
  A sky beast (D:6)
  3 necrophages
  An ogre (D:7)
  A centaur (D:8)
  2 phantoms
  A kobold brigand (D:8)
  A bullfrog (D:8)
  Blork the orc (D:4)
  A scorpion (D:7)
  3 killer bees
  A water moccasin skeleton (D:5)
  5 wights (D:7)
  A centaur zombie (D:6)
  4 hounds
  2 centaur skeletons (D:7)
  3 iron imps (D:7)
  Jessica (D:2)
  An iguana (D:7)
  An orc wizard (D:8)
  A howler monkey zombie (D:6)
  3 gnolls (D:8)
  2 adders (D:4)
  2 shadow imps
  A white imp (D:6)
  A dart slug (D:5)
  10 orcs
  3 giant cockroaches
  3 goblins
  2 hobgoblins
  2 jackals (D:1)
  3 quokkas
  2 ball pythons
  3 bats (D:1)
  4 kobolds
  5 rats
90 creatures vanquished.

Vanquished Creatures (others)
  The ghost of othur the Magician, a novice DECj (D:4)
  A black bear (D:5)
  A sky beast (D:7)
  A centaur (D:8)
  A kobold brigand (D:8)
  4 killer bees (D:7)
  15 jellies
  A centaur zombie (D:4)
  An orc priest (D:6)
  3 hounds
  A centaur skeleton (D:7)
  2 orc wizards (D:3)
  Robin (D:2)
  4 adders
  A white imp (D:6)
  An adder skeleton (D:4)
  6 orcs
  2 ball pythons (D:2)
  4 bats (D:2)
  3 endoplasms
  8 goblins (D:2)
  A hobgoblin (D:4)
  4 quokkas
  2 frilled lizards (D:2)
  6 kobolds
  A rat (D:1)
  364 foxfires
  4 fungi
  2 plants (D:7)
446 creatures vanquished.

Grand Total: 536 creatures vanquished

Notes
Turn   | Place    | Note
-------+----------+-------------------------------------------
     0 | D:1      | Turgor the Octopode Fire Elementalist began the quest for
                  | the Orb.
     0 | D:1      | Reached XP level 1. HP: 11/11 MP: 3/3
   267 | D:1      | Reached XP level 2. HP: 9/17 MP: 1/5
  1054 | D:1      | Found a faded altar of an unknown god.
  1062 | D:1      | Became a worshipper of Jiyva Jurghakh the Shapeless
  1062 | D:1      | Reached * piety under Jiyva
  1250 | D:2      | Killed Robin
  1252 | D:2      | Reached ** piety under Jiyva
  1267 | D:2      | Noticed Jessica
  1272 | D:2      | Killed Jessica
  1273 | D:2      | Reached XP level 3. HP: 21/21 MP: 1/6
  1278 | D:2      | Learned a level 3 spell: Conjure Flame
  1439 | D:2      | Found an ancient bone altar of Kikubaaqudgha.
  1864 | D:3      | Found a hazy altar of Hepliaklqana.
  1998 | D:3      | Found a radiant altar of Vehumet.
  2050 | D:3      | Found an opulent altar of Gozag.
  2227 | D:3      | Found a broken altar of Ashenzari.
  2477 | D:4      | Noticed Blork the orc
  2530 | D:4      | Reached XP level 4. HP: 21/27 MP: 8/8
  2575 | D:4      | Noticed a phantom
  2589 | D:4      | Killed a phantom
  2590 | D:4      | Reached XP level 5. HP: 30/31 MP: 2/9
  2684 | D:4      | Killed Blork the orc
  2757 | D:4      | Learned a level 1 spell: Animate Skeleton
  2913 | D:4      | Killed othur's ghost
  3049 | D:4      | Found a runed translucent door.
  3118 | D:4      | Reached XP level 6. HP: 29/36 MP: 7/11
  3229 | D:4      | Found a staircase to the Ecumenical Temple.
  3233 | D:4      | You fall into a shaft and drop 3 floors!
  3369 | D:6      | Noticed Prince Ribbit
  3416 | D:5      | Entered Level 5 of the Dungeon
  3442 | D:5      | Found a sacrificial altar of Ru.
  3541 | D:5      | Noticed a necrophage
  3569 | D:5      | Killed a necrophage
  3570 | D:5      | Reached skill level 5 in Fire Magic
  3570 | D:5      | Reached XP level 7. HP: 41/41 MP: 6/13
  3575 | D:5      | Learned a level 4 spell: Sticky Flame
  3581 | D:5      | Learned a level 5 spell: Fireball
  3641 | D:5      | Found a white marble altar of Elyvilon.
  4244 | D:6      | Noticed Eustachio
  4291 | D:6      | Killed Prince Ribbit
  4315 | D:5      | Reached *** piety under Jiyva
  4396 | D:6      | Identified the +8 dagger of Action {vorpal, Int+3}
  4422 | D:6      | Gained mutation: You are agile. (Dex +2) [Jiyva's grace]
  4492 | D:6      | Killed Eustachio
  4493 | D:6      | Reached skill level 5 in Spellcasting
  4493 | D:6      | Reached skill level 5 in Conjurations
  4493 | D:6      | Reached XP level 8. HP: 46/46 MP: 8/15
  4651 | D:6      | Found Dewoc's Jewellery Shop.
  5306 | D:7      | Found Pafot's Jewellery Emporium.
  5370 | D:7      | Found a blossoming altar of Fedhas.
  5374 | D:7      | Found a stormy altar of Qazlal.
  5386 | D:7      | Reached **** piety under Jiyva
  5386 | D:7      | Gained mutation: Your melee attacks may engulf your foes in
                  | ooze. [Jiyva's grace]
  5474 | D:7      | Found Vurghil's Book Boutique.
  5479 | D:7      | Found a shimmering altar of Xom.
  5482 | D:7      | Found Etiheh's Magic Scroll Boutique.
  5598 | D:7      | Found Wexem's General Store.
  5606 | D:7      | Bought a potion of heal wounds for 50 gold pieces
  5756 | D:7      | Found Huxes's Magic Scroll Shop.
  5963 | D:7      | Found a burning altar of Makhleb.
  6100 | D:8      | Lost mutation: Your melee attacks may engulf your foes in
                  | ooze. [Jiyva's grace]
  6114 | D:8      | Reached XP level 9. HP: 51/51 MP: 13/18
  6165 | D:8      | Reached ***** piety under Jiyva
  6335 | D:8      | Noticed Joseph
  6364 | D:8      | Killed Joseph
  6538 | D:8      | Noticed a gargoyle
  6538 | D:8      | Noticed a tengu conjurer
  6539 | D:8      | Noticed a kobold demonologist
  6540 | D:8      | Killed a tengu conjurer
  6574 | D:8      | Killed a gargoyle
  6656 | D:8      | Noticed a two-headed ogre
  6668 | D:8      | Killed a two-headed ogre
  6669 | D:8      | Reached XP level 10. HP: 56/56 MP: 3/21
  6802 | D:8      | Killed a kobold demonologist
  6806 | D:8      | Noticed a centaur warrior
  6814 | D:8      | Noticed a cyclops
  6815 | D:8      | Mangled by a centaur warrior

Illustrated notes

Levels and vault maps discovered:
D:1:      minmay_arrival_checkered_box, layout_loops_ring,
          chequers_ecumenical_altar_lobes
D:2:      layout_loops_ring, basic_altar, uniq_jessica, uniq_robin
D:3:      layout_basic, worldfamousw_hep_ancestral_shrine, lemuel_doored_altar,
          mainiacjoe_overflow_six_doors_small, mainiacjoe_overflow_chevrons,
          kennysheep_generic_room_6
D:4:      layout_basic, minmay_temple_entry_sparse_star,
          ebering_ghost_reflecting_pool, uniq_blork_the_orc
D:5:      layout_loops_cross, elyvilon_altar_4, nicolae_ru_sacrificial_ziggurat
D:6:      layout_gridville, serial_shops, kennysheep_little_box,
          uniq_prince_ribbit1, uniq_eustachio
D:7:      layout_rooms, grunt_temple_overflow_forces_of_nature,
          mainiacjoe_overflow_tiny_flanked, demons_altar, serial_shops,
          nicolae_shop_waterfront, kennysheep_mini_moat, kennysheep_mini, shop,
          shop, nicolae_underground_beach
D:8:      layout_loops_ring, minmay_pinched_square, uniq_joseph

Skill      XL: |  1  2  3  4  5  6  7  8  9 |
---------------+----------------------------+-----
Conjurations   | 2 3 4 5 6 8 |  8.3
Spellcasting   | 3 4 5 6 7 |  7.9
Fire Magic     | 4 5 7 8 |  8.8
Dodging        | |  2.0
Stealth        | |  2.6

Action                   |  1- 3 |  4- 6 |  7- 9 | 10-12 || total
-------------------------+-------+-------+-------+-------++-------
Melee: Dagger            |    34 |    12 |    34 |     2 ||    82
       Constrict         |     6 |     2 |    10 |       ||    18
       Tentacles         |     2 |     1 |     7 |     1 ||    11
 Fire: Hunting sling     |       |       |     8 |       ||     8
Throw: Dart              |       |       |     3 |       ||     3
 Cast: Foxfire           |    24 |    43 |   137 |    14 ||   218
       Animate Skeleton  |       |     2 |     1 |       ||     3
       Conjure Flame     |       |     1 |     2 |       ||     3
       Sticky Flame      |       |       |     2 |     2 ||     4
       Fireball          |       |       |     6 |       ||     6
Invok: Request Jelly     |     1 |       |       |       ||     1
Evoke: Wand              |       |       |     4 |       ||     4
  Use: Scroll            |       |     4 |     2 |       ||     6
       Potion            |       |       |     2 |       ||     2
 Stab: Sleeping          |     8 |       |     1 |       ||     9
Armor: Skin              |     1 |     3 |     4 |     1 ||     9
Dodge: Dodged            |    19 |    21 |    23 |     2 ||    65
Block: Other             |     2 |     4 |    14 |       ||    20
       Reflection        |       |     1 |       |       ||     1
